 Dungeon Crawl Stone Soup version 0.25-a0-399-gcf1075a (webtiles) character file.

Game seed: 13179283106047313507, levelgen mode: deterministic

111 Buxparty the Magician (level 4, 0/32 HPs)
             Began as a Mummy Wanderer on Jan 8, 2020.
             Slain by an orc
             ... wielding a +0 trident
              (5 damage)
             ... on level 3 of the Dungeon.
             The game lasted 00:06:38 (2205 turns).

Buxparty the Magician (Mummy Wanderer)              Turns: 2205, Time: 00:06:39

Health: 0/32       AC:  3    Str: 14    XL:     4   Next: 62%
Magic:  2/11       EV: 11    Int: 10    God:
Gold:   147        SH:  0    Dex: 14    Spells: 10/13 levels left

rFire    x . .     SeeInvis .   c - +0 hand crossbow
rCold    + . .     Gourm    .   (no shield)
rNeg     + + +     Faith    .   e - +0 robe
rPois    ∞         Spirit   .   n - +0 helmet (curse)
rElec    .         Reflect  .   (no cloak)
rCorr    .         Harm     .   (no gloves)
MR       .....                  (no boots)
Stlth    +.........             (no amulet)
HPRegen  0.10/turn              (no ring)
MPRegen  0.12/turn              (no ring)

@: slowed, very slow
A: no food or potions, fire vulnerability, cold resistance 1, negative energy
resistance 3, torment resistance, unbreathing
a: no special abilities


You were on level 3 of the Dungeon.
You were not hungry.

You visited 1 branch of the dungeon, and saw 3 of its levels.

You collected 147 gold pieces.

Inventory:

Hand Weapons
 a - a +0 hand axe
 c - a +0 hand crossbow (weapon)
Missiles
 d - 70 bolts (quivered)
 i - 2 throwing nets
Armour
 e - a +0 robe (worn)
 g - a +0 hat
 n - a cursed +0 helmet (worn)
Wands
 k - a wand of digging (6)
Scrolls
 b - a scroll of enchant armour {unknown}
 f - 3 scrolls of teleportation {unknown}
 h - 5 scrolls of identify {unknown}
 j - a scroll of fog {unknown}
 l - a scroll of magic mapping {unknown}
 m - 3 scrolls of remove curse {unknown}
 o - a scroll of blinking {unknown}


   Skills:
 - Level 1.0 Fighting
 + Level 2.2 Crossbows
 - Level 1.0 Throwing
 + Level 3.2 Armour
 + Level 5.1 Spellcasting
 - Level 1.0 Evocations


You had 10 spell levels left.
You knew the following spells:

 Your Spells              Type           Power        Failure   Level  Hunger
a - Magic Dart            Conj           #...         22%         1    N/A
b - Blink                 Tloc           N/A          34%         2    N/A

Your spell library contained the following spells:

 Spells                   Type           Power        Failure   Level  Hunger
 Call Imp                 Summ           #.......     34%         2    N/A
 Slow                     Hex            #.......     34%         2    N/A
 Conjure Flame            Conj/Fire      #.......     56%         3    N/A
 Mephitic Cloud           Conj/Pois/Air  #.......     56%         3    N/A

Dungeon Overview and Level Annotations

Branches:
Dungeon (3/15)

Altars:
Elyvilon
Okawaru

Annotations:
D:3 Ijyb


Innate Abilities, Weirdness & Mutations

You do not eat or drink.
Your flesh is vulnerable to fire.
You are immune to poison.
Your flesh is cold resistant. (rC+)
You are immune to negative energy. (rN+++)
You are immune to unholy pain and torment.
You can survive without breathing.


Message History

You feel yourself slow down. The orc hits you but does no damage.
The orc hits you.
* * * LOW HITPOINT WARNING * * *
Casting: Blink (safe; 34% risk of failure)
Confirm with . or Enter, or press ? or * to list all spells.
You blink.
Found a scroll labeled FUTEAB KAETESU.
Casting: Blink (safe; 34% risk of failure)
Confirm with . or Enter, or press ? or * to list all spells.
You blink.
The orc wizard gestures wildly while chanting.
The orc wizard blinks!
The orc wizard gestures wildly while chanting.
The orc wizard blinks!
The orc wizard casts a spell.
The orc wizard blinks!
The orc wizard hits you with a +0 dagger.
* * * LOW HITPOINT WARNING * * *
The orc hits you from afar with a +0 trident.
You die...

#####..............####..##
............§##...........
? #####......#..#.....!(..#
..##
###.)(................#
....
#....(...........)...)#
#..##.#.....§###.........
#....#..g(..# #..#######
###....oooo.###......
#.......@...##..##
#....####.......##..
#............###.....
...#.#####.....(.ooo(o
.##..# ##.....#..#.. ...##
#...(... ... ## #...?#....
# ##.######..# .. ..


You could see Ijyb, 2 orc wizards and 2 orcs.

Vanquished Creatures
  Terence (D:2)
  3 adders (D:2)
  A worm (D:2)
  A dart slug (D:1)
  4 leopard geckos
  An orc (D:3)
  A ball python (D:2)
  3 giant cockroaches
  3 goblins
  6 hobgoblins
  4 jackals (D:3)
  6 bats
  2 frilled lizards
  7 kobolds
  4 rats
47 creatures vanquished.

Notes
Turn   | Place    | Note
-------+----------+-------------------------------------------
     0 | D:1      | Buxparty the Mummy Wanderer began the quest for the Orb.
     0 | D:1      | Buxparty set off with the following items: a +0 hand axe, a
                  | +0 hand crossbow, 25 bolts, a +0 robe; and the following
                  | spell memorised: Magic Dart; and the following spells
                  | available to memorise: Blink, Call Imp, Slow, Conjure
                  | Flame, Mephitic Cloud
     0 | D:1      | Reached XP level 1. HP: 15/15 MP: 5/5
   171 | D:1      | Reached XP level 2. HP: 16/21 MP: 0/7
   871 | D:2      | Reached XP level 3. HP: 26/26 MP: 9/9
  1451 | D:2      | Noticed Terence
  1457 | D:2      | Killed Terence
  1457 | D:2      | Reached XP level 4. HP: 26/32 MP: 10/10
  1501 | D:2      | Found a white marble altar of Elyvilon.
  1503 | D:2      | Found an iron altar of Okawaru.
  1580 | D:2      | Reached skill level 5 in Spellcasting
  1903 | D:2      | Learned a level 2 spell: Blink
  2176 | D:3      | Noticed Ijyb
  2195 | D:3      | Paralysed by Ijyb for 5 turns
  2205 | D:3      | Slain by an orc

Levels and vault maps discovered:
D:1:      dpeg_arrival_triangle_fractal, layout_loops_ring, minivault_27
D:2:      layout_loops_ring, grunt_temple_overflow_open, uniq_terence
D:3:      layout_rooms, uniq_ijyb, uniq_robin

Skill      XL: |  1  2  3  4 |
---------------+-------------+-----
Armour         | 3 |  3.2
Crossbows      | 2 |  2.2
Spellcasting   | 5 |  5.1
Fighting       | |  1.0
Throwing       | |  1.0
Evocations     | |  1.0

Action                   |  1- 3 |  4- 6 || total
-------------------------+-------+-------++-------
 Fire: Hand crossbow     |    63 |    44 ||   107
 Cast: Magic Dart        |    18 |     8 ||    26
       Blink             |       |     6 ||     6
Armor: Robe              |     3 |    38 ||    41
Dodge: Dodged            |    16 |    42 ||    58

Table legend:
 A = Non-vault XP
 B = Vault XP
 C = Vault XP percentage of total XP
 D = Non-vault monster count
 E = Vault monster count
 F = Vault count percentage of total count
                 A         B        C        D         E       F
            +---------+---------+-------+---------+---------+-------
      Total |     123 |      36 |  22.6 |      46 |       1 |   2.1
            +---------+---------+-------+---------+---------+-------
        D:1 |      28 |       0 |   0.0 |      16 |       0 |   0.0
        D:2 |      72 |      36 |  33.3 |      19 |       1 |   5.0
        D:3 |      23 |       0 |   0.0 |      11 |       0 |   0.0
            +---------+---------+-------+---------+---------+-------
